 Dungeon Crawl Stone Soup version 0.28-a0-43-g560ac104fe (webtiles) character file.

Game seed: 10631576851248823868

4848 pokeman the Thaumaturge (level 10, -8/53 HPs)
             Began as a Deep Elf Hedge Wizard on July 28, 2021.
             Was a Follower of Vehumet.
             Splashed by an acid dragon's acid (18 damage)
             ... on level 9 of the Dungeon.
             The game lasted 00:29:51 (10055 turns).

pokeman the Thaumaturge (Deep Elf Hedge Wizard)    Turns: 10055, Time: 00:29:52

Health: -8/53      AC:  2    Str:  7    XL:     10   Next: 25%
Magic:  37/46      EV: 12    Int: 23    God:    Vehumet [*.....]
Gold:   421        SH:  0    Dex: 14    Spells: 6/34 levels left

rFire   . . .      SeeInvis .   I - staff of conjuration
rCold   + . .      Faith    .   (no shield)
rNeg    . . .      Spirit   .   b - +2 leather armour {rC+}
rPois   .          Reflect  .   c - +0 hat
rElec   .          Harm     .   (no cloak)
rCorr   .          Rampage  .   D - +2 pair of gloves
Will    +....                   e - +1 pair of boots
Stlth   ++........              O - amulet of regeneration
HPRegen 1.17/turn               L - ring of magical power
MPRegen 0.30/turn               z - ring of magical power

@: corroded
A: no striking features
a: Renounce Religion


You were on level 9 of the Dungeon.
You worshipped Vehumet.
Vehumet was aware of your devotion.
You visited 2 branches of the dungeon, and saw 10 of its levels.

You collected 433 gold pieces.
You spent 12 gold pieces at shops.

Inventory:

Hand Weapons
 f - a +0 shortbow
 o - a +1 dagger of venom
 G - a +0 hand crossbow
Missiles
 h - 152 arrows
 n - 2 throwing nets
 J - 25 bolts
Armour
 b - a +2 leather armour of cold resistance (worn)
 c - a +0 hat (worn)
 e - a +1 pair of boots (worn)
 D - a +2 pair of gloves (worn)
 H - the +0 tower shield of Gravitas {rElec rN+}
   (You found it on level 7 of the Dungeon)

   rElec:     It insulates you from electricity.
   rN:        It protects you from negative energy.
 N - the +2 ring mail of Zin's Esteem {Harm Str+2 SInv}
   (You found it on level 8 of the Dungeon)

   Str:       It affects your strength (+2).
   SInv:      It lets you see invisible.
   Harm:      It increases damage dealt and taken.
Magical Staves
 w - a staff of death
 I - a staff of conjuration (weapon)
Jewellery
 a - a +6 ring of intelligence
 d - a +4 ring of protection
 g - a +4 ring of protection
 l - an amulet of faith
 y - a ring of resist corrosion
 z - a ring of magical power (right hand)
 L - a ring of magical power (left hand)
 O - an amulet of regeneration (around neck)
Wands
 t - a wand of paralysis (5)
 A - a wand of iceblast (6)
 E - a wand of polymorph (11)
 F - a wand of digging (4)
 M - a wand of mindburst (13)
Scrolls
 j - 2 scrolls of amnesia
 s - a scroll of teleportation
 u - a scroll of enchant weapon {unknown}
 C - a scroll of holy word
 K - a scroll of blinking
Potions
 i - 3 potions of cancellation
 k - 5 potions of brilliance
 m - a potion of magic {unknown}
 p - 3 potions of heal wounds {unknown}
 q - a potion of mutation {unknown}
 r - 2 potions of haste {unknown}
 v - a potion of resistance {unknown}
 x - 2 potions of curing {unknown}
 B - a potion of berserk rage {unknown}


   Skills:
 + Level 2.0 Fighting
 - Level 3.0 Armour
 - Level 3.0 Dodging
 - Level 3.0 Stealth
 - Level 3.0 Shields
 * Level 12.8 Spellcasting
 + Level 7.4 Conjurations
 - Level 4.0 Summonings
 - Level 4.2 Necromancy
 - Level 1.1 Translocations
 + Level 3.0 Fire Magic
 - Level 1.0 Air Magic
 - Level 1.2 Poison Magic
 - Level 2.1 Evocations


You had 6 spell levels left.
You knew the following spells:

 Your Spells              Type           Power      Damage    Failure   Level
a - Magic Dart            Conj           100%       1d8       1%          1
b - Mephitic Cloud        Conj/Pois/Air  44%        N/A       4%          3
c - Call Imp              Summ           33%        N/A       1%          2
d - Blink                 Tloc           N/A        N/A       6%          2
e - Conjure Flame         Conj/Fire      55%        6-21      2%          3
f - Foxfire               Conj/Fire      100%       2x1d9     1%          1
g - Haunt                 Necr/Summ      16%        N/A       100%        7
h - Fire Storm            Conj/Fire      27%        8d7       100%        9

Your spell library contained the following spells:

 Spells                   Type           Power      Damage    Failure   Level
 Sandblast                Erth           28%        2d8       6%          1
 Pain                     Necr           100%       1d9       1%          1
 Sting                    Tmut/Pois      68%        1d6       4%          1
 Dazzling Flash           Conj/Hex       96%        N/A       4%          3
 Poisonous Vapours        Pois/Air       40%        N/A       6%          2
 Slow                     Hex            14%        N/A       10%         2
 Inner Flame              Hex/Fire       21%        N/A       10%         3
 Ignite Poison            Fire/Tmut/Pois 21%        N/A       11%         3
 Agony                    Necr           34%        N/A       30%         5
 Excruciating Wounds      Necr           17%        N/A       30%         5
 Olgreb's Toxic Radiance  Pois           20%        N/A       36%         4
 Cause Fear               Hex            7%         N/A       52%         4
 Silence                  Hex/Air        8%         N/A       80%         5
 Summon Hydra             Summ           16%        N/A       100%        7
 Discord                  Hex            7%         N/A       100%        8
 Chain Lightning          Conj/Air       25%        3d34      100%        9


Dungeon Overview and Level Annotations

Branches:
Dungeon (9/15)             Temple (1/1) D:6
   Lair: D:8-11         Orc: D:9-12

Altars:
Ashenzari
Cheibriados
Dithmenos
Elyvilon
Fedhas
Gozag
Hepliaklqana
Kikubaaqudgha
Nemelex Xobeh
Okawaru
Qazlal
Ru
Sif Muna
Trog
Uskayaw
Vehumet
Wu Jian
Yredelemnul
Zin
The Shining One

Shops:
D:3 (   D:4 *   D:5 *   D:8 !

Annotations:
D:4 1 runed translucent door, pukegreen's ghost, amateur TrFi
D:7 2 transporters, Spaninq's ghost, novice TrCK
D:9 exclusion: ice statue


Message History

The acid dragon roars!
Casting: Foxfire (safe; 1% risk of failure)
Confirm with . or Enter, or press ? or * to list all spells.
You feel a surge of power!
The fire begins to smoulder!
The acid dragon spits acid at you. The splash of acid hits you!
The acid corrodes you!
You are splashed with acid!
The fire ignites!
Casting: Conjure Flame (dangerous; 2% risk of failure)
Confirm with . or Enter, or press ? or * to list all spells.
You feel a surge of power!
The fire begins to smoulder!
The acid dragon spits acid at you. The splash of acid hits you!
You are splashed with acid!
* * * LOW HITPOINT WARNING * * *
The fire ignites!
Casting: Conjure Flame (dangerous; 2% risk of failure)
Confirm with . or Enter, or press ? or * to list all spells.
A beastly little devil appears in a puff of flame.
Your crimson imp barely misses the acid dragon.
Casting: Call Imp (safe; 1% risk of failure)
Confirm with . or Enter, or press ? or * to list all spells.
A beastly little devil appears in a puff of flame.
Casting: Call Imp (safe; 1% risk of failure)
Confirm with . or Enter, or press ? or * to list all spells.
A beastly little devil appears in a puff of flame.
Your crimson imp hits the acid dragon but does no damage.
The acid dragon bites your crimson imp! The acid dragon claws your crimson imp.
Your crimson imp blinks!
Your crimson imp hits the acid dragon but does no damage.
The acid dragon bites your crimson imp!
Your crimson imp dies!
Your crimson imp hits the acid dragon but does no damage.
Your crimson imp blinks!
Casting: Call Imp (safe; 1% risk of failure)
Confirm with . or Enter, or press ? or * to list all spells.
A beastly little devil appears in a puff of flame.
The acid dragon spits acid at you. The splash of acid hits you!
* * * LOW HITPOINT WARNING * * *
The acid corrodes you!
You are splashed with acid!!
You die...

###.###########
#.# #.# #.#
##.######.#
#.........#
#..######.#
#..######.#
#5.ยง..@5..#
#D#######5# #.#
#5#######
#.D..D..#
#######.# .. ##


You could see an acid dragon (catching breath, ally target) and 3 friendly
crimson imps.

Vanquished Creatures
  Harold (D:7)
  Pikel (D:7)
  A komodo dragon (D:8)
  Prince Ribbit (D:5)
  A shadow (D:9)
  Eustachio (D:6)
  A wyvern (D:9)
  A water moccasin (D:5)
  An ice beast (D:8)
  2 orc warriors
  A sky beast (D:6)
  3 lemures (D:7)
  3 centaurs
  A kobold brigand (D:7)
  A gnoll sergeant (D:7)
  2 bullfrogs
  3 scorpions
  A water moccasin zombie (D:3)
  A wyvern skeleton (D:7)
  3 killer bees (D:9)
  8 wights
  2 howler monkeys
  6 centaur zombies
  4 jellies
  A bullfrog skeleton (D:4)
  2 centaur skeletons
  3 hounds
  4 orc priests
  An iguana (D:5)
  5 orc wizards
  A hound skeleton (D:5)
  15 gnolls
  8 adders
  A shadow imp (D:8)
  A white imp (D:7)
  A worm (D:2)
  3 dart slugs
  27 orcs
  9 endoplasms
  2 giant cockroaches
  5 goblins
  5 hobgoblins
  6 jackals (D:1)
  4 quokkas
  7 ball pythons
  7 bats
  3 frilled lizards (D:1)
  8 kobolds
  3 rats
182 creatures vanquished.

Vanquished Creatures (collateral kills)
  2 killer bees (D:9)
2 creatures vanquished.

Vanquished Creatures (others)
  A killer bee (D:9)
  468 foxfires
  4 plants (D:5)
473 creatures vanquished.

Grand Total: 657 creatures vanquished

Notes
Turn   | Place    | Note
-------+----------+-------------------------------------------
     0 | D:1      | pokeman the Deep Elf Hedge Wizard began the quest for the
                  | Orb.
     0 | D:1      | Reached XP level 1. HP: 10/10 MP: 7/7
   302 | D:1      | Reached XP level 2. HP: 9/16 MP: 9/9
   550 | D:1      | Found a faded altar of an unknown god.
   700 | D:1      | Reached skill level 5 in Spellcasting
   871 | D:1      | Reached XP level 3. HP: 20/20 MP: 6/11
   875 | D:1      | Learned a level 3 spell: Mephitic Cloud
   878 | D:1      | Learned a level 2 spell: Call Imp
   881 | D:1      | Learned a level 2 spell: Blink
   885 | D:1      | Learned a level 3 spell: Conjure Flame
   979 | D:1      | Got the Guide on Blistering Companions
  1421 | D:2      | Reached skill level 1 in Fighting
  1763 | D:2      | Reached skill level 1 in Armour
  2091 | D:2      | Reached XP level 4. HP: 25/25 MP: 7/13
  2271 | D:3      | You fall into a shaft and drop 1 floor!
  2524 | D:3      | Found Jymiph's Antique Weapon Shop.
  2534 | D:3      | Reached skill level 6 in Spellcasting
  2534 | D:3      | Reached skill level 1 in Fire Magic
  2534 | D:3      | Reached XP level 5. HP: 25/29 MP: 8/15
  2768 | D:3      | Learned a level 1 spell: Foxfire
  3234 | D:3      | Found an ancient bone altar of Kikubaaqudgha.
  3242 | D:3      | Found a white marble altar of Elyvilon.
  3463 | D:4      | Reached skill level 1 in Air Magic
  3478 | D:4      | Reached XP level 6. HP: 22/34 MP: 12/17
  3718 | D:4      | Reached skill level 7 in Spellcasting
  3718 | D:4      | Reached skill level 1 in Poison Magic
  3719 | D:4      | Reached skill level 1 in Evocations
  4304 | D:4      | Found a runed translucent door.
  4305 | D:4      | Noticed pukegreen's ghost (amateur TrFi)
  4521 | D:4      | Found Mur Duma's Assorted Antiques.
  4533 | D:4      | Reached XP level 7. HP: 34/38 MP: 20/20
  4894 | D:5      | Entered Level 5 of the Dungeon
  4903 | D:5      | Learned a level 7 spell: Haunt
  4957 | D:5      | Reached skill level 8 in Spellcasting
  4957 | D:5      | Reached skill level 1 in Necromancy
  4994 | D:5      | Found Xaneyfeo's Lightly-Used Armoury.
  5290 | D:5      | Noticed Prince Ribbit
  5297 | D:5      | Killed Prince Ribbit
  5318 | D:5      | Reached XP level 8. HP: 44/44 MP: 21/22
  5369 | D:5      | Reached skill level 9 in Spellcasting
  5921 | D:6      | Noticed Eustachio
  5940 | D:6      | Killed Eustachio
  5941 | D:6      | Reached skill level 5 in Conjurations
  6091 | D:6      | Found a staircase to the Ecumenical Temple.
  6109 | Temple   | Entered the Ecumenical Temple
  6291 | Temple   | Became a worshipper of Vehumet
  6519 | D:7      | Reached skill level 10 in Spellcasting
  6521 | D:7      | Identified the +0 tower shield of Gravitas {rElec rN+}
  6579 | D:7      | Noticed Pikel
  6603 | D:7      | Killed Pikel
  6604 | D:7      | Reached skill level 1 in Shields
  6604 | D:7      | Reached XP level 9. HP: 47/48 MP: 12/25
  6712 | D:7      | Noticed Spaninq's ghost (novice TrCK)
  6789 | D:7      | Noticed Harold
  7259 | D:7      | Killed Harold
  7260 | D:7      | Reached skill level 11 in Spellcasting
  7875 | D:7      | Reached * piety under Vehumet
  7875 | D:7      | Offered knowledge of Sandblast by Vehumet.
  7876 | D:7      | Reached skill level 12 in Spellcasting
  8045 | D:7      | Found a transporter.
  8091 | D:7      | Found a transporter.
  8226 | D:7      | Learned a level 9 spell: Chain Lightning
  8242 | D:7      | Learned a level 9 spell: Fire Storm
  9102 | D:8      | Identified the +2 ring mail of Zin's Esteem {Harm Str+2
                  | SInv}
  9116 | D:8      | Found Fowukio's Distillery.
  9123 | D:8      | Bought a potion of degeneration for 12 gold pieces
  9134 | D:8      | Noticed a komodo dragon
  9149 | D:8      | Killed a komodo dragon
  9150 | D:8      | Reached XP level 10. HP: 26/53 MP: 28/28
  9475 | D:9      | Noticed an ice statue
 10055 | D:9      | Splashed by an acid dragon's acid

Illustrated notes

Levels and vault maps discovered:
D:1:      lemuel_arrival_muddy, layout_basic, ebering_ecumenical_altar_rust,
          minmay_misc_feat_tower
D:2:      layout_basic
D:3:      layout_loops_ring, gammafunk_temple_overflow_pools, serial_shops,
          shop_fountains
D:4:      layout_cave_pods, serial_shops, nicolae_shop_behind_doors,
          ebering_ghost_inner_flame, serial_rivers,
          chequers_serial_rivers_micro_d, chequers_serial_rivers_large_b,
          chequers_serial_rivers_micro_e, chequers_serial_rivers_marsh,
          chequers_serial_rivers_large_a, solitary_fountain,
          hangedman_abyss_or_decor_stagger, minivault_1, kennysheep_small_spiral
D:5:      layout_cave_pools, minmay_shop_damaged, serial_bayou_lagoon_b,
          uniq_prince_ribbit1
D:6:      layout_rooms, minmay_temple_entry_sparse_star, uniq_eustachio
D:7:      layout_cave_pods, gammafunk_ghost_stat_death, lemuel_old_faithful,
          uniq_harold, uniq_pikel
D:8:      layout_loops_ring, serial_shops, nicolae_square_shop
D:9:      layout_basic, minivault_16, grunt_ogre_cave, minmay_statue_bubble
Temple:   dpeg_five_rooms_temple

Skill      XL: |  1  2  3  4  5  6  7  8  9 10 |
---------------+-------------------------------+-----
Spellcasting   | 5 6 7 8 10 12 | 12.8
Fighting       | 1 2 |  2.0
Conjurations   | 2 3 4 5 7 |  7.4
Armour         | 1 2 3 |  3.0
Dodging        | 3 |  3.0
Fire Magic     | 1 2 3 |  3.0
Air Magic      | 1 |  1.0
Stealth        | 3 |  3.0
Poison Magic   | 1 |  1.2
Evocations     | 1 2 |  2.1
Necromancy     | 1 4 |  4.2
Summonings     | 2 3 4 |  4.0
Shields        | 1 3 |  3.0
Translocations | |  1.1

Action                   |  1- 3 |  4- 6 |  7- 9 | 10-12 || total
-------------------------+-------+-------+-------+-------++-------
Melee: Falchion          |    28 |       |       |       ||    28
       Dagger            |     2 |    44 |    15 |       ||    61
       Staff             |       |       |    16 |    11 ||    27
 Cast: Magic Dart        |   101 |    59 |    15 |     1 ||   176
       Conjure Flame     |       |     4 |    11 |     7 ||    22
       Mephitic Cloud    |       |     4 |    18 |     3 ||    25
       Foxfire           |       |    11 |   203 |    55 ||   269
       Blink             |       |       |     9 |       ||     9
       Call Imp          |       |       |     1 |     6 ||     7
Evoke: Wand              |       |       |     2 |       ||     2
  Use: Scroll            |       |       |     8 |     1 ||     9
 Stab: Sleeping          |       |     1 |       |       ||     1
       Confused          |       |     1 |     1 |     1 ||     3
Armor: Robe              |    25 |    16 |       |       ||    41
       Leather armour    |       |       |    21 |    12 ||    33
Dodge: Dodged            |    40 |    42 |    47 |    17 ||   146
       Rpst.: Falchion   |    12 |       |       |       ||    12

Table legend: (Time is in decaauts)
 A = Elapsed time spent in this place.
 B = Non-inter-level travel time spent in this place.
 C = Inter-level travel time spent in this place.
 D = Time resting spent in this place.
 E = Time spent auto-exploring this place.
 F = Levels seen in this place.
 G = Mean time per level.
                   A        B        C        D        E       F      G
               +--------+--------+--------+--------+--------+-----+--------+
         Total |  10112 |   9850 |    262 |    424 |   7952 |  10 | 1011.2 |
       Dungeon |   9900 |   9666 |    234 |    424 |   7773 |   9 | 1100.0 |
        Temple |    211 |    183 |     28 |      0 |    179 |   1 |  211.0 |
               +--------+--------+--------+--------+--------+-----+--------+

Top non-repeatable levels by time:
     D:4: 1821 daAuts
     D:7: 1790 daAuts
     D:1: 1234 daAuts
     D:8: 1174 daAuts
     D:2: 1009 daAuts
     D:3: 873 daAuts
     D:5: 835 daAuts
     D:9: 587 daAuts
     D:6: 574 daAuts
  Temple: 211 daAuts
